 Seeded DCSS version 0.27.1-2-g3b301248ec (webtiles) character file.

Game seed: 14551798346683263451 (custom seed)

100573 babuloseo the Impaler (level 16, -8/116 HPs)
             Began as a Human Fighter on Sept 30, 2021.
             Was a High Priest of the Shining One.
             Mangled by a seven-headed hydra (9 damage)
             ... on level 15 of the Dungeon.
             The game lasted 01:10:07 (34596 turns).

babuloseo the Impaler (Human Fighter)              Turns: 34596, Time: 01:10:08

Health: -8/116     AC: 23    Str: 20 (21) XL:     16   Next: 80%
Magic:  0/23       EV: 13    Int:  9 (12) God:    the Shining One [*****.]
Gold:   1206       SH:  0    Dex: 14 (15) Spells: 22/24 levels left

rFire    x . .     SeeInvis .   S - +0 glaive (flame)
rCold    + + .     Faith    .   (shield currently unavailable)
rNeg     + + .     Spirit   +   V - +0 chain mail {rC+}
rPois    .         Reflect  .   B - +1 helmet {Int+3}
rElec    .         Harm     .   r - +0 cloak
rCorr    .         Rampage  +   C - +0 pair of gloves
Will     +....     Clarity  +   Z - +0 pair of boots {rampage} Stlth ..........Rnd*Tele +
                                t - amulet of guardian spirit
HPRegen  0.29/turn              L - +4 ring of protection
MPRegen  0.18/turn              H - ring of ice

@: hasted, glowing, very quick
A: agile 1, clarity, strong 1, [berserk 2], [deterioration 1], [frail 1],
[teleportitis 1], [weak 2]
a: Renounce Religion, Divine Shield, Cleansing Flame, Summon Divine Warrior


You were on level 15 of the Dungeon.
You worshipped the Shining One.
The Shining One was extremely pleased with you.
You visited 7 branches of the dungeon, and saw 27 of its levels.
You visited the Abyss 1 time.
You also visited: Ice Cave.

You collected 2175 gold pieces.
You spent 969 gold pieces at shops.

Inventory:

Hand Weapons
 a - a +2 halberd of freezing
 f - a +1 bardiche of freezing
 n - the +7 spear of Untimely Demise {antimagic, rCorr}
   (You found it on level 4 of the Dungeon)

   It reduces the magical energy of the wielder, and disrupts the spells and
   magical abilities of those it strikes.
   Natural abilities and divine invocations are not affected.
   rCorr:     It protects you from acid and corrosion.
 F - a +2 trident of venom
 S - a +0 glaive of flaming (weapon)
 X - a +1 vorpal glaive
Armour
 c - a +0 kite shield
 r - a +0 cloak (worn)
 z - a +2 robe of resistance
 B - a +1 helmet of intelligence (worn)
 C - a +0 pair of gloves (worn)
 D - a +0 plate armour
 J - a +3 scale mail of poison resistance
 U - a +3 scale mail of cold resistance
 V - a +0 chain mail of cold resistance (worn)
 Z - a +0 pair of boots of rampaging (worn)
Jewellery
 h - an amulet of faith
 l - a ring of poison resistance
 o - a ring of fire
 t - an amulet of guardian spirit (around neck)
 v - the ring of Yklaly {rC- EV+4 Str+4 Int+6}
   (You found it on level 3 of the Lair of Beasts)

   [ring of evasion]

   EV:        It affects your evasion (+4).
   Str:       It affects your strength (+4).
   Int:       It affects your intelligence (+6).
   rC:        It makes you vulnerable to cold.
 y - a ring of fire
 H - a ring of ice (right hand)
 I - a ring of fire
 L - a +4 ring of protection (left hand)
 O - a ring of magical power
 Q - a ring of flight
 R - a ring of ice
Wands
 q - a wand of flame (30)
 w - a wand of iceblast (7)
 x - a wand of digging (8)
 A - a wand of paralysis (19)
 K - a wand of charming (16)
Scrolls
 d - a scroll of torment
 e - 4 scrolls of enchant armour
 p - a scroll of teleportation
 u - 3 scrolls of holy word
 P - a scroll of immolation
 W - 6 scrolls of identify
Potions
 b - 2 potions of lignification
 g - 5 potions of brilliance
 i - 2 potions of flight
 j - 5 potions of attraction
 m - 3 potions of resistance
 E - a potion of magic
 G - 12 potions of curing
 N - 3 potions of cancellation
Miscellaneous
 T - a lightning rod (3/4)
 Y - a condenser vane


   Skills:
 * Level 12.9 Fighting
 * Level 16.9 Polearms
 + Level 11.1 Armour
 - Level 14.3 Dodging
 + Level 11.1 Shields
 + Level 4.7 Spellcasting
 * Level 10.0 Invocations


You had 22 spell levels left.
You knew the following spells:

 Your Spells              Type           Power      Damage    Failure   Level
a - Blink                 Tloc           N/A        N/A       94%         2

Your spell library contained the following spells:

 Spells                   Type           Power      Damage    Failure   Level
 Foxfire                  Conj/Fire      8%         2x1d4     86%         1
 Magic Dart               Conj           8%         1d3       86%         1
 Summon Small Mammal      Summ           8%         N/A       86%         1
 Call Imp                 Summ           2%         N/A       94%         2
 Ensorcelled Hibernation  Hex/Ice        6%         N/A       94%         2
 Searing Ray              Conj           4%         3d3       94%         2
 Call Canine Familiar     Summ           2%         N/A       99%         3
 Conjure Flame            Conj/Fire      2%         6-21      99%         3
 Dazzling Flash           Conj/Hex       4%         N/A       99%         3
 Inner Flame              Hex/Fire       2%         N/A       99%         3
 Lesser Beckoning         Tloc           1%         N/A       99%         3
 Mephitic Cloud           Conj/Pois/Air  2%         N/A       99%         3
 Spider Form              Tmut/Pois      1%         N/A       99%         3
 Stone Arrow              Conj/Erth      4%         3d7       99%         3
 Summon Guardian Golem    Hex/Summ       2%         N/A       99%         3
 Animate Armour           Summ/Erth      4%         N/A       100%        4
 Fulminant Prism          Conj/Hex       1%         3d6       100%        4
 Agony                    Necr           2%         N/A       100%        5
 Freezing Cloud           Conj/Ice/Air   1%         6-21      100%        5
 Iskenderun's Battlesphe  Conj           2%         2d6       100%        5
 Manifold Assault         Tloc           2%         N/A       100%        5
 Silence                  Hex/Air        1%         N/A       100%        5
 Iron Shot                Conj/Erth      1%         9d1       100%        6
 Shadow Creatures         Summ           N/A        N/A       100%        6
 Simulacrum               Ice/Necr       1%         N/A       100%        6
 Spellforged Servitor     Conj/Summ      1%         N/A       100%        7
 Lehudib's Crystal Spear  Conj/Erth      1%         10d2      100%        8
 Polar Vortex             Ice            1%         N/A       100%        9


Dungeon Overview and Level Annotations

Branches:
Dungeon (15/15)            Temple (1/1) D:5            Lair (6/6) D:9
  Swamp (1/4) Lair:2        Snake (1/4) Lair:4        Slime (0/5) Lair:5
    Orc (2/2) D:9             Elf (1/3) Orc:2        Vaults (0/5) D:13
  IceCv (visited)
 Depths: D:15

Altars:
Ashenzari
Dithmenos
Elyvilon
Gozag
Hepliaklqana
Makhleb
Nemelex Xobeh
Okawaru
Qazlal
Ru
Sif Muna
Uskayaw
Wu Jian
Xom
Yredelemnul
Zin
The Shining One
Beogh

Shops:
D:5 (   D:12 (   Orc:2 [(*(?

Annotations:
D:11 3 runed translucent doors, Dakon's ghost, journeyman MiBe
D:14 Agnes; Snorg
Lair:4 3 runed translucent doors, pentaflop's ghost, journeyman DsFE
Lair:5 exclusion: 4 oklob plants


Innate Abilities, Weirdness & Mutations

You are agile. (Dex +2)
You possess an exceptional clarity of mind.
Your muscles are strong. (Str +2)
[You often lose your temper in combat.]
[Your body sometimes deteriorates upon taking damage.]
[You are frail. (-10% HP)]
[You are occasionally teleported next to monsters.]
[You are very weak. (Str -4)]


Message History

The efreet burns you.
* * * LOW HITPOINT WARNING * * *
You slash the cyan ugly thing! You burn the cyan ugly thing.
The cyan ugly thing is moderately wounded.
The cyan ugly thing misses you.
You slice the cyan ugly thing!! You burn the cyan ugly thing!
The cyan ugly thing is almost dead.
The efreet closely misses you. The cyan ugly thing tentacle-slaps you!
* * * LOW HITPOINT WARNING * * *
The cyan ugly thing shocks you!
* * * LOW HITPOINT WARNING * * *
You barely miss the cyan ugly thing.
The cyan ugly thing is almost dead.
The efreet hits you with a +1 scimitar of flaming!
* * * LOW HITPOINT WARNING * * *
The efreet burns you.
* * * LOW HITPOINT WARNING * * *
The cyan ugly thing closely misses you.
Okay, then.
Blink to where?
Press: ? - help, Dir - move target
As you read the scroll of blinking, it crumbles to dust.
You feel yourself speed up.
A seven-headed hydra comes into view.
The seven-headed hydra roars!
You rampage towards the seven-headed hydra!
You rampage towards the seven-headed hydra!
The seven-headed hydra bites you but does no damage.
The seven-headed hydra bites you.
* * * LOW HITPOINT WARNING * * *
The seven-headed hydra bites you.
* * * LOW HITPOINT WARNING * * *
The seven-headed hydra bites you but does no damage. x4
The seven-headed hydra bites you. The Shining One protects you from harm!
The seven-headed hydra barely misses you.
The seven-headed hydra bites you but does no damage.
The seven-headed hydra barely misses you.
The seven-headed hydra bites you!
You die...

........######......
######..# ..... #.u#
.... #..# ... #..#
.. #..# . #..# #.D#
#@.# #..# ...# .....
#######


You could see a seven-headed hydra and a cyan ugly thing.

Vanquished Creatures
  An orc warlord (Orc:2)
  Louise (D:14)
  A reaper (IceCv)
  Azrael (D:13)
  Nessos (D:13)
  Josephine (D:13)
  Fannar (D:11)
  9 hydras
  4 boulder beetles
  Erica (D:7)
  2 centaur warriors
  2 catoblepae (Lair:6)
  A death knight (D:10)
  4 two-headed ogres
  24 death yaks
  Sonja (Orc:1)
  Urug (D:10)
  A fire crab (Lair:6)
  An iron troll (D:13)
  A skeletal warrior (D:10)
  4 bog bodies (Lair:2)
  A wizard (D:13)
  3 lindwurms (Lair:6)
  3 orc sorcerers
  An orc knight (Orc:2)
  A deep elf pyromancer (D:12)
  2 ugly things
  12 elephants
  2 manticores (Lair:6)
  3 cyclopes
  10 black mambas
  13 cane toads
  2 ice statues (IceCv)
  4 torpor snails
  2 efreet (D:12)
  A kobold demonologist (D:11)
  A gargoyle (D:13)
  10 komodo dragons
  3 freezing wraiths
  5 rime drakes
  5 ice devils (IceCv)
  5 trolls
  A troll (shapeshifter) (D:14)
  4 polar bears
  2 hornets
  A jumping spider (shapeshifter) (D:13)
  A polar bear (shapeshifter) (D:13)
  5 slime creatures
  3 dream sheep (Lair:6)
  24 blink frogs
  4 wyverns
  A centaur simulacrum (D:14)
  3 vampires
  2 shadows (D:11)
  2 basilisks
  A dire elephant simulacrum (IceCv)
  6 wraiths
  54 yaks
  4 fire elementals (D:13)
  A steam dragon (D:8)
  2 swamp worms (Lair:2)
  2 death yak simulacra (IceCv)
  3 nagas (Lair:4)
  Edmund (D:6)
  4 wargs
  2 acid dragons
  4 hell hounds (D:13)
  20 water moccasins
  A sky beast (D:5)
  An ice beast (D:7)
  24 orc warriors
  A black bear (D:6)
  3 necrophages
  6 ogres
  7 wolves
  A centaur (D:9)
  2 phantoms (D:6)
  13 bullfrogs
  2 kobold brigands
  2 wyvern zombies
  A scorpion (D:6)
  2 two-headed ogre simulacra (IceCv)
  2 cane toad simulacra (IceCv)
  2 elephant simulacra (IceCv)
  4 killer bees (D:8)
  3 wights (D:8)
  4 howler monkeys
  4 electric eels
  8 centaur zombies
  A bullfrog zombie (D:6)
  A crimson imp (D:9)
  16 orc priests
  Crazy Yiuf (D:2)
  2 jellies (D:6)
  A hound (D:6)
  28 orc wizards
  4 iguanas
  A polar bear simulacrum (IceCv)
  3 spriggan simulacra (IceCv)
  2 human simulacra (D:13)
  Robin (D:2)
  2 adders
  3 naga simulacra (IceCv)
  3 white imps
  2 ufetubi (IceCv)
  3 adder skeletons
  3 worms
  A dart slug (D:4)
  76 orcs
  An endoplasm (D:3)
  14 goblins
  12 hobgoblins
  3 jackals (D:4)
  10 kobolds
  2 quokkas
  7 ball pythons
  3 bats (D:2)
  3 rats (D:2)
611 creatures vanquished.

Vanquished Creatures (others)
  A two-headed ogre (D:11)
  A deep elf pyromancer (D:11)
  A yak (D:11)
  2 centaurs (D:11)
  An ufetubus (IceCv)
  34 fungi
  100 plants
  5 starspawn tentacles (Abyss:3)
145 creatures vanquished.

Grand Total: 756 creatures vanquished

Notes
Turn   | Place    | Note
-------+----------+-------------------------------------------
     0 | D:1      | babuloseo the Human Fighter began the quest for the Orb.
     0 | D:1      | Reached XP level 1. HP: 18/18 MP: 1/1
     9 | D:2      | Found a stormy altar of Qazlal.
    13 | D:2      | Reached XP level 2. HP: 24/24 MP: 2/2
   215 | D:2      | Reached XP level 3. HP: 29/29 MP: 3/3
   230 | D:2      | Identified a scroll of acquirement
   230 | D:2      | Acquired a manual of Polearms
   498 | D:3      | Found a faded altar of an unknown god.
   965 | D:3      | Found an opulent altar of Gozag.
  1260 | D:4      | Reached skill level 3 in Polearms
  1260 | D:4      | Reached XP level 4. HP: 17/35 MP: 4/4
  1632 | D:4      | Found a white marble altar of Elyvilon.
  1653 | D:4      | Noticed a necrophage
  1670 | D:4      | Killed a necrophage
  1671 | D:4      | Reached skill level 4 in Polearms
  1671 | D:4      | Reached XP level 5. HP: 3/42 MP: 5/5
  1901 | D:4      | Identified the +7 spear of Untimely Demise {antimagic,
                  | rCorr}
  2025 | D:4      | Found a glowing silver altar of Zin.
  2124 | D:4      | Found an ornate altar of the Wu Jian Council.
  2685 | D:5      | Entered Level 5 of the Dungeon
  2685 | D:5      | Noticed a kobold brigand
  2692 | D:5      | Killed a kobold brigand
  2693 | D:5      | Reached skill level 5 in Polearms
  2693 | D:5      | Reached XP level 6. HP: 24/48 MP: 2/6
  2962 | D:5      | Found a staircase to the Ecumenical Temple.
  2975 | Temple   | Entered the Ecumenical Temple
  3027 | Temple   | Became a worshipper of the Shining One
  3094 | D:2      | Found Gisot's Antique Weapon Boutique.
  3211 | D:2      | Noticed Robin
  3238 | D:2      | Killed Robin
  3668 | D:2      | Found a runed translucent door.
  3669 | D:2      | Noticed Crazy Yiuf
  3763 | D:2      | Killed Crazy Yiuf
  3883 | D:5      | Noticed an ogre
  3884 | D:5      | Noticed a +0 dagger
  3885 | D:5      | Noticed a +0 hand axe
  3892 | D:6      | Reached XP level 7. HP: 9/55 MP: 2/7
  4247 | D:6      | Reached skill level 6 in Polearms
  4310 | D:7      | Noticed a water moccasin
  4321 | D:7      | Killed a water moccasin
  4608 | D:7      | Acquired a manual of Dodging
  4629 | D:7      | Noticed an acid dragon
  4669 | D:7      | Killed an acid dragon
  4670 | D:7      | Reached skill level 7 in Polearms
  4670 | D:7      | Reached skill level 1 in Dodging
  4670 | D:7      | Reached XP level 8. HP: 61/61 MP: 2/8
  4712 | D:7      | Reached skill level 5 in Fighting
  5304 | D:7      | Reached * piety under the Shining One
  5308 | D:7      | Reached skill level 5 in Armour
  5406 | D:7      | Reached skill level 8 in Polearms
  5406 | D:7      | Reached skill level 5 in Shields
  6193 | D:8      | Reached skill level 5 in Dodging
  6193 | D:8      | Reached XP level 9. HP: 43/68 MP: 1/9
  6436 | D:9      | Noticed Erica
  6561 | D:6      | Reached skill level 9 in Polearms
  6729 | D:6      | Noticed Edmund
  6758 | D:6      | Killed Edmund
  7018 | D:6      | Reached ** piety under the Shining One
  7566 | D:5      | Found a shadowy altar of Dithmenos.
  7641 | D:5      | Reached skill level 10 in Polearms
  7644 | D:5      | Gained mutation: You have a somewhat thin skeletal
                  | structure. (Dex +2, Stealth+) [potion of mutation]
  7645 | D:5      | Gained mutation: You are dopey. (Int -2) [potion of
                  | mutation]
  7646 | D:5      | Lost mutation: You are dopey. (Int -2) [potion of mutation]
  7646 | D:5      | Gained mutation: You sometimes lose the ability to read
                  | scrolls when taking damage. [potion of mutation]
  7646 | D:5      | Gained mutation: You are agile. (Dex +2) [potion of
                  | mutation]
  7878 | D:5      | Reached XP level 10. HP: 38/76 MP: 3/10
  8169 | D:5      | Found a broken altar of Ashenzari.
  8224 | D:5      | Found Oped's Weapon Emporium.
  8256 | D:5      | Found a hide-covered altar of Uskayaw.
  8749 | D:8      | Found a sacrificial altar of Ru.
  9112 | D:8      | Reached skill level 11 in Polearms
  9241 | D:8      | Found a shimmering blue altar of Sif Muna.
 10794 | D:9      | Found a staircase to the Lair.
 10795 | D:9      | Noticed a komodo dragon
 10814 | D:9      | Paralysed by a hornet for 2 turns
 11125 | D:10     | Entered Level 10 of the Dungeon
 11235 | D:10     | Noticed a freezing wraith
 11236 | D:10     | Noticed a skeletal warrior
 11380 | D:11     | Noticed a two-headed ogre
 11397 | D:11     | Killed a two-headed ogre
 11398 | D:11     | Reached skill level 12 in Polearms
 11398 | D:11     | Reached skill level 10 in Dodging
 11398 | D:11     | Reached XP level 11. HP: 69/84 MP: 7/11
 11473 | D:11     | Noticed a six-headed hydra
 11485 | D:11     | The Shining One protects you from harm!
 11486 | D:11     | Killed a six-headed hydra
 11672 | D:11     | Killed a deep elf pyromancer
 11745 | D:11     | Killed a two-headed ogre
 11814 | D:11     | Found a runed translucent gate.
 11815 | D:11     | Found a runed translucent gate.
 11865 | D:10     | Found a hazy altar of Hepliaklqana.
 11899 | D:10     | Found a sparkling altar of Nemelex Xobeh.
 11981 | D:11     | Noticed Dakon's ghost (journeyman MiBe)
 11982 | D:11     | Found a runed translucent gate.
 11990 | D:11     | Noticed a green ugly thing
 12008 | D:11     | Killed a green ugly thing
 12378 | D:11     | Noticed a boulder beetle
 12397 | D:11     | Killed a boulder beetle
 12458 | D:11     | Reached skill level 13 in Polearms
 12891 | D:11     | Found a shimmering altar of Xom.
 12956 | D:11     | Noticed a boulder beetle
 12981 | D:11     | Killed a boulder beetle
 13626 | D:11     | Noticed Fannar
 13653 | D:11     | Killed Fannar
 13654 | D:11     | Noticed a two-headed ogre
 13673 | D:11     | Killed a two-headed ogre
 13674 | D:11     | Reached XP level 12. HP: 48/92 MP: 2/12
 14417 | D:9      | Identified the +8 great sword "Xyquaj" {elec, rElec}
 14434 | D:9      | Found a staircase to the Orcish Mines.
 14446 | Lair:1   | Entered Level 1 of the Lair of Beasts
 15103 | D:5      | Lost mutation: You sometimes lose the ability to read
                  | scrolls when taking damage. [potion of mutation]
 15103 | D:5      | Lost mutation: You have a somewhat thin skeletal structure.
                  | (Dex +2, Stealth+) [potion of mutation]
 15103 | D:5      | Gained mutation: Your magical capacity is low. (-10% MP)
                  | [potion of mutation]
 15103 | D:5      | Gained mutation: You are partially covered in iridescent
                  | scales. (AC +2) [potion of mutation]
 15251 | D:7      | Killed Erica
 15428 | Lair:1   | Reached skill level 14 in Polearms
 15596 | Lair:1   | Noticed a five-headed hydra
 15604 | Lair:1   | Killed a five-headed hydra
 15694 | Lair:1   | Noticed an eight-headed hydra
 16369 | Lair:1   | Reached XP level 13. HP: 85/100 MP: 7/11
 16823 | Lair:1   | Noticed a five-headed hydra
 16837 | Lair:1   | Killed a five-headed hydra
 16982 | Lair:1   | Noticed a four-headed hydra
 16995 | Lair:1   | Killed a four-headed hydra
 16996 | Lair:1   | Reached skill level 1 in Invocations
 17171 | Lair:1   | Killed an eight-headed hydra
 18670 | Lair:2   | Found a staircase to the Swamp.
 18822 | Swamp:1  | Entered Level 1 of the Swamp
 18822 | Swamp:1  | Noticed a seven-headed hydra
 19181 | Lair:2   | Reached skill level 15 in Polearms
 19549 | Lair:3   | Identified the ring of Yklaly {rC- EV+4 Str+4 Int+6}
 19627 | Lair:3   | Reached skill level 10 in Fighting
 19663 | Lair:3   | Reached XP level 14. HP: 108/110 MP: 14/14
 20664 | Lair:4   | Found a staircase to the Snake Pit.
 20851 | Snake:1  | Entered Level 1 of the Snake Pit
 20885 | Lair:4   | Reached skill level 5 in Invocations
 21037 | Lair:4   | Found a runed translucent gate.
 21037 | Lair:4   | Found a runed translucent gate.
 21037 | Lair:4   | Found a runed translucent gate.
 21038 | Lair:4   | Noticed pentaflop's ghost (journeyman DsFE)
 22102 | Lair:5   | Lost mutation: You are agile. (Dex +2) [potion of mutation]
 22102 | Lair:5   | Lost mutation: You are partially covered in iridescent
                  | scales. (AC +2) [potion of mutation]
 22102 | Lair:5   | Lost mutation: Your magical capacity is low. (-10% MP)
                  | [potion of mutation]
 22102 | Lair:5   | Gained mutation: You possess an exceptional clarity of
                  | mind. [potion of mutation]
 22102 | Lair:5   | Gained mutation: Your spells are a little easier to cast,
                  | but a little less powerful. [potion of mutation]
 22102 | Lair:5   | Gained mutation: You have sharp toenails. [potion of
                  | mutation]
 22102 | Lair:5   | Gained mutation: You are covered in fur. (AC +1) [potion of
                  | mutation]
 22106 | Lair:5   | Learned a level 2 spell: Blink
 22174 | Lair:5   | Reached skill level 10 in Armour
 22932 | Lair:5   | Found a staircase to the Slime Pits.
 23052 | Lair:6   | Entered Level 6 of the Lair of Beasts
 23052 | Lair:6   | Reached *** piety under the Shining One
 23072 | Lair:5   | Reached skill level 10 in Shields
 23087 | Lair:5   | Reached skill level 1 in Spellcasting
 23449 | Lair:5   | Reached XP level 15. HP: 85/119 MP: 13/19
 24736 | Lair:6   | Reached skill level 16 in Polearms
 25355 | Lair:5   | HP: 5/120 [black mamba (7)]
 26892 | Orc:1    | Entered Level 1 of the Orcish Mines
 26909 | Orc:1    | Noticed Sonja
 27338 | D:9      | Found a burning altar of Makhleb.
 27338 | D:9      | Found a shimmering altar of Xom.
 27718 | Orc:1    | Killed Sonja
 28103 | Orc:2    | Entered Level 2 of the Orcish Mines
 28370 | Orc:2    | Reached XP level 16. HP: 127/127 MP: 22/22
 28489 | Orc:2    | Found Ukhyneubu's General Store.
 28496 | Orc:2    | Bought a potion of curing for 33 gold pieces
 28867 | Orc:2    | Found a staircase to the Elven Halls.
 28872 | Orc:2    | Found Akhly's Antique Weapon Boutique.
 28879 | Elf:1    | Entered Level 1 of the Elven Halls
 28926 | Orc:2    | Found Niraysep's Magic Scroll Shop.
 29177 | Orc:2    | Found Igeple's Antique Weapon Boutique.
 29181 | Orc:2    | Found Wynoith's Antique Armour Shop.
 29199 | Orc:2    | Bought a transparent scale mail for 243 gold pieces
 29199 | Orc:2    | Identified the +3 scale mail of the Eight of Cups {*Slow
                  | +Inv SInv} (You bought it in a shop on level 2 of the
                  | Orcish Mines)
 29199 | Orc:2    | Bought an ancient ring mail for 243 gold pieces
 29199 | Orc:2    | Identified the +0 ring mail of the Desert {rCorr} (You
                  | bought it in a shop on level 2 of the Orcish Mines)
 29199 | Orc:2    | Bought a pair of runed boots for 202 gold pieces
 29219 | Orc:2    | Bought a smoking shortbow for 248 gold pieces
 29219 | Orc:2    | Identified the +5 shortbow "Diumul" {freeze, rElec rC+
                  | Will+ Dex-2} (You bought it in a shop on level 2 of the
                  | Orcish Mines)
 29964 | D:10     | Noticed Urug
 29973 | D:10     | Killed Urug
 30653 | D:12     | Found a frozen archway.
 30675 | IceCv    | Entered an ice cave
 30706 | IceCv    | Reached **** piety under the Shining One
 31010 | IceCv    | Reached ***** piety under the Shining One
 31428 | D:12     | Identified the +3 scale mail "Xiunemau" {-Tele Str+8 SInv}
 31711 | D:12     | Found Tall's Antique Weapon Shop.
 32088 | D:13     | Noticed Josephine
 32100 | D:13     | Killed Josephine
 32320 | D:13     | Noticed Nessos
 32336 | D:13     | Killed Nessos
 32605 | D:13     | Lost mutation: Your spells are a little easier to cast, but
                  | a little less powerful. [potion of mutation]
 32605 | D:13     | Lost mutation: You have sharp toenails. [potion of
                  | mutation]
 32605 | D:13     | Lost mutation: You are covered in fur. (AC +1) [potion of
                  | mutation]
 32605 | D:13     | Gained mutation: Your muscles are strong. (Str +2) [potion
                  | of mutation]
 32605 | D:13     | Gained mutation: You are agile. (Dex +2) [potion of
                  | mutation]
 32735 | D:13     | Found a gate to the Vaults.
 32771 | D:13     | Noticed Azrael
 32822 | D:13     | Killed Azrael
 33401 | D:13     | Reached skill level 10 in Invocations
 33869 | D:14     | Noticed Louise
 33877 | D:14     | Cast into level 3 of the Abyss (Louise)
 33880 | Abyss:3  | Noticed a tentacled starspawn
 33923 | D:14     | Escaped the Abyss
 33947 | D:14     | Killed Louise
 34348 | D:14     | Noticed Agnes
 34358 | D:14     | Noticed Snorg
 34583 | D:15     | Entered Level 15 of the Dungeon
 34595 | D:15     | HP: 3/116 [seven-headed hydra (5)]
 34595 | D:15     | HP: 1/116 [seven-headed hydra (2)]
 34596 | D:15     | The Shining One protects you from harm!
 34596 | D:15     | Mangled by a seven-headed hydra

Illustrated notes

Levels and vault maps discovered:
D:1:      lemuel_arrival_river_bridge, layout_rooms
D:2:      layout_loops_cross, basic_altar, serial_shops, shop,
          minmay_goblin_kobold_house, uniq_crazy_yiuf_cottage, uniq_robin
D:3:      layout_basic, grunt_gozag_breadcrumbs,
          hellmonk_ecumenical_altar_heavens_door
D:4:      layout_loops_ring, zin_treasury, elyvilon_altar_3,
          nzn_wu_jian_contemplation, serial_co_window_serial,
          co_window_corner_a, co_window_corner_a, co_window_of_opportunity_a,
          co_window_corner_a, co_window_paths_a, co_window_corner_b,
          co_window_paths_c, co_window_2corner, co_window_paths_c,
          co_window_of_opportunity_b, co_window_of_opportunity_c,
          co_window_of_opportunity_c, glass_columns_a, glass_columns_c
D:5:      layout_gridville, dancing_weapons_uskayaw, ashenzari_altar_1,
          kennysheep_mini_moat, minmay_temple_entry_statues_fountains,
          serial_shops, nicolae_shop_trees, kennysheep_crisscross,
          minmay_circle_x
D:6:      layout_basic, kennysheep_cross_bottleneck, grunt_ministairs_3,
          uniq_edmund
D:7:      layout_loops_corners
D:8:      layout_basic, nicolae_ru_the_path_less_chosen,
          lemuel_coloured_pillars_altar
D:9:      layout_irregular_city, grunt_temple_overflow_champion_of_chaos,
          david_lair_shrubbed, orc_0_dummy, uniq_erica
D:10:     layout_loops_corners, worldfamousw_hep_ancestral_shrine,
          mainiacjoe_overflow_tiny_flanked, uniq_urug
D:11:     layout_layer_cave, gammafunk_ghost_nasty_kobolds, xom_confusion_cloud,
          uniq_fannar
D:12:     layout_small_grid, serial_shops, shop, portal_ice_cave_entry_pillars_1
D:13:     layout_cave_pools, david_vaults_4, st_stairs_4, bh_circular_ruins,
          uniq_josephine, uniq_azrael, uniq_nessos
D:14:     layout_stronghold, hangedman_decor_clover_reticule,
          nicolae_benzene_ring, beargit_elvish_explorers, uniq_agnes,
          uniq_snorg, uniq_louise
D:15:     grunt_enter_depths_snipers, layout_irregular_city, serial_shops,
          nicolae_shop_competitors_out_of_business, okawaru_gym_becter,
          fiery_altar_vehumet
Temple:   nicolae_temple_figure_zero
Lair:1:   layout_chaotic_city, minmay_shattered_shrine
Lair:2:   layout_small_grid, nicolae_swamp_entry_splash_gauntlet,
          cheibrodos_lair_reptile_den
Lair:3:   layout_misc_corridors, grunt_megastairs_5, lemuel_fruit_tree,
          serial_bayou_shore_a, infiniplex_staircase_pool_2
Lair:4:   statuecave_lemuel, layout_hall_layers,
          minmay_snake_entry_guardpost_small, gammafunk_ghost_hydra_chop
Lair:5:   layout_roguey, minmay_slime_entry_oklob_enclosed,
          columned_hall_lemuel, grunt_forest_stairs_basic
Lair:6:   hangedman_lair_in_review, layout_long_grid
Swamp:1:  layout_basic_swamp, serial_swamp_ruin, evilmike_swamp_ruin_house_2,
          evilmike_swamp_ruin_house_5, evilmike_swamp_ruin_house_3
Snake:1:  layout_cave_pods, nicolae_snake_gridmaze_swirls, st_stairs_7,
          nicolae_shop_overcharged_wands
Orc:1:    layout_caves, uniq_sonja
Orc:2:    grunt_orc_community_town_hall, layout_caves,
          grunt_orc_community_big_house_2, grunt_orc_community_big_house_1,
          grunt_orc_community_house_2, grunt_orc_community_house_1,
          grunt_orc_community_house_3, grunt_orc_community_house_3,
          grunt_orc_community_house_1, serial_shops, shop, nicolae_orc_rockfall
Elf:1:    layout_gridlike, nicolae_trove_entry_crystal, hangedman_elf_represent,
          roderic_roman_lattice, uniq_kirke

Skill      XL: |  1  2  3  4  5  6  7  8  9 10 11 12 13 14 15 16 |
---------------+-------------------------------------------------+-----
Polearms       | 3 4 5 7 8 10 12 13 14 15 16 | 16.9
Fighting       | 4 5 6 7 8 10 11 12 | 12.9
Armour         | 4 5 6 7 8 9 10 11 | 11.1
Shields        | 4 5 6 7 8 9 10 11 | 11.1
Dodging        | 1 5 7 10 12 13 14 | 14.3
Invocations    | 3 6 8 10 | 10.0
Spellcasting   | 1 3 4 |  4.7

Action                   |  1- 3 |  4- 6 |  7- 9 | 10-12 | 13-15 | 16-18 || total
-------------------------+-------+-------+-------+-------+-------+-------++-------
Melee: Trident           |    92 |    37 |       |   334 |  1081 |       ||  1544
       Spear             |       |    82 |   294 |   229 |    13 |       ||   618
       Glaive            |       |       |       |       |   272 |   422 ||   694
       Halberd           |       |       |       |       |       |    51 ||    51
       Bardiche          |       |       |       |       |       |    44 ||    44
Invok: Divine Shield     |       |       |     1 |    10 |    25 |    14 ||    50
Evoke: Wand              |       |       |       |     6 |    16 |       ||    22
       Lightning rod     |       |       |       |       |       |     4 ||     4
  Use: Potion            |     1 |       |     4 |     3 |     6 |     6 ||    20
       Scroll            |     1 |     4 |     4 |     8 |    11 |     7 ||    35
Armor: Scale mail        |    30 |    58 |    21 |    25 |   115 |    45 ||   294
       Steam dragon scal |       |       |    22 |     4 |       |       ||    26
       Plate armour      |       |       |       |   128 |   473 |    52 ||   653
       Chain mail        |       |       |       |       |       |    85 ||    85
Dodge: Dodged            |    19 |    33 |   106 |   139 |   481 |   218 ||   996
Block: Kite shield       |    34 |    57 |   118 |   256 |   627 |       ||  1092
       Other             |       |       |       |       |    52 |    74 ||   126
